 Dungeon Crawl Stone Soup version 0.29.1-2-gbd0b4ee654 (webtiles) character file.

Game seed: 2194034166257011059

1082 GorkyZ the Shield-Bearer (level 8, -4/61 HPs)
             Began as a Formicid Fighter on Nov 22, 2022.
             Slain by Menkaure (10 damage)
             ... on level 6 of the Dungeon.
             The game lasted 00:11:54 (4749 turns).

GorkyZ the Shield-Bearer (Formicid Fighter)         Turns: 4749, Time: 00:11:55

Health: -4/61      AC: 11    Str: 22    XL:     8   Next: 55%
Magic:  8/8        EV:  8    Int:  9    God:
Gold:   319        SH:  5    Dex: 13    Spells: 7/7 levels left

rFire   . . .      SeeInvis +   E - +1 halberd (freeze)
rCold   . . .      Faith    .   c - +0 buckler
rNeg    . . .      Spirit   .   r - +0 chain mail
rPois   .          Reflect  .   (helmet unavailable)
rElec   .          Harm     .   (no cloak)
rCorr   .          Rampage  .   v - +1 pair of gloves
Will    +....                   (no boots)
Stlth   ..........              t - amulet of regeneration
HPRegen 1.00/turn               w - ring of willpower
MPRegen 0.11/turn               (no ring)

@: no status effects
A: permanent stasis, dig shafts and tunnels, antennae 3, four strong arms
a: Dig, Shaft Self


You were on level 6 of the Dungeon.
You visited 1 branch of the dungeon, and saw 6 of its levels.

You collected 319 gold pieces.

Inventory:

Hand Weapons
 a - a +0 war axe
 E - a +1 halberd of freezing (weapon)
Missiles
 y - 3 poisoned darts (quivered)
 B - a throwing net
 D - 2 curare-tipped darts
 F - 4 boomerangs
Armour
 b - a +0 scale mail
 c - a +0 buckler (worn)
 r - a +0 chain mail (worn)
 u - a +0 plate armour
 v - a +1 pair of gloves (worn)
Jewellery
 l - a ring of magical power
 t - an amulet of regeneration (around neck)
 w - a ring of willpower (left hand)
 I - a ring of poison resistance
 J - a ring of willpower
Wands
 s - a wand of roots (21)
 z - a wand of paralysis (18)
Scrolls
 g - 8 scrolls of identify {unknown}
 h - 2 scrolls of torment {unknown}
 k - a scroll of amnesia {unknown}
 m - 8 scrolls of teleportation {unknown}
 n - a scroll of poison {unknown}
 o - 2 scrolls of magic mapping {unknown}
 x - a scroll of blinking {unknown}
 A - 2 scrolls of vulnerability {unknown}
 C - a scroll of silence {unknown}
 G - a scroll of fear {unknown}
 H - a scroll of enchant weapon {unknown}
Potions
 d - 3 potions of might
 e - a potion of berserk rage {unknown}
 f - a potion of haste {unknown}
 i - 2 potions of curing {unknown}
 j - 2 potions of magic {unknown}
 p - 4 potions of lignification {unknown}
 q - a potion of resistance {unknown}
 K - a potion of experience {unknown}
 L - 3 potions of cancellation {unknown}


   Skills:
 + Level 4.7 Fighting
 * Level 4.7(5.2) Axes
 + Level 3.0(4.3) Polearms
 + Level 2.7 Throwing
 + Level 4.8 Armour
 + Level 2.5 Dodging
 + Level 5.8 Shields
 + Level 3.1 Evocations


You had 7 spell levels left.
You didn't know any spells.
Your spell library contained the following spells:

 Spells                   Type           Power      Damage    Failure   Level
 Necrotise                Necr           0%         1d4       98%         1
 Summon Small Mammal      Summ           0%         N/A       98%         1
 Call Canine Familiar     Summ           0%         N/A       100%        3
 Summon Guardian Golem    Hex/Summ       0%         N/A       100%        3
 Vampiric Draining        Necr           0%         2d6       100%        3
 Animate Armour           Summ/Erth      0%         N/A       100%        4
 Agony                    Necr           0%         N/A       100%        5
 Blade Hands              Tmut           0%         N/A       100%        5
 Iron Shot                Conj/Erth      0%         9d1       100%        6


Dungeon Overview and Level Annotations

Branches:
Dungeon (6/15)
 Temple: D:4-7

Altars:
Ashenzari
Nemelex Xobeh
Ru
Trog

Shops:
D:2 *

Annotations:
D:2 1 runed translucent door, Crazy Yiuf
D:6 Menkaure


Innate Abilities, Weirdness & Mutations

You cannot be hasted, slowed, berserked, paralysed or teleported.
You can dig through walls and to a lower floor.
You have a pair of large antennae on your head. (SInv)
Your four strong arms can wield two-handed weapons with a shield.


Message History

You closely miss the hound.
The hound is almost dead.
Menkaure completely misses you. The hound bites you. Menkaure hits you!
You block the hound's attack.
You are too injured to fight recklessly!
You are too injured to fight recklessly!
You are too injured to fight recklessly!
You are too injured to fight recklessly!
You are too injured to fight recklessly!
You are too injured to fight recklessly!
You are too injured to fight recklessly!
You are too injured to fight recklessly!
You are too injured to fight recklessly!
You hit Menkaure.
Menkaure is lightly damaged.
The hound barely misses you.
Menkaure points at you and mumbles some strange words.
You easily resist.
The hound bites you but does no damage.
You completely miss Menkaure.
Menkaure is lightly damaged.
Menkaure casts a spell at you.
You easily resist.
The hound bites you but does no damage. Menkaure hits you.
You block the hound's attack.
You barely miss Menkaure.
Menkaure is lightly damaged.
Menkaure hits you.
* * * LOW HITPOINT WARNING * * *
The hound barely misses you. You block Menkaure's attack.
The hound bites you but does no damage.
You slice Menkaure!! You freeze Menkaure.
Menkaure is almost destroyed.
The hound misses you.
Menkaure murmurs, "Let me perform the rites..."
Menkaure hits you!
* * * LOW HITPOINT WARNING * * *
You block the hound's attack.
You hit Menkaure but do no damage.
Menkaure is almost destroyed.
Menkaure hits you!
You die...

.. .# #.#
########.#
#........# .##
#........#
....#........#
......?......#
#.....h@.....#
#.##...M.....#
#.#.#####†#
..... ##.# ..#
... #..## .
####
#.#...####
#.....<..#
###......#
..........#


You could see Menkaure (fast) and a hound.

Vanquished Creatures
  A troll (D:5)
  A sky beast (D:5)
  An ice beast (D:6)
  2 ogres (D:5)
  A phantom (D:5)
  3 scorpions
  A jelly (D:5)
  2 hounds
  A gnoll bouda (D:4)
  4 gnolls (D:4)
  4 adders
  An ufetubus (D:4)
  2 worms
  A dart slug (D:2)
  2 orcs
  9 ball pythons
  7 endoplasms
  3 giant cockroaches
  9 goblins
  8 hobgoblins
  5 jackals
  8 quokkas
  2 bats
  6 frilled lizards
  6 kobolds
  5 rats
95 creatures vanquished.

Notes
Turn   | Place    | Note
-------+----------+-------------------------------------------
     0 | D:1      | GorkyZ the Formicid Fighter began the quest for the Orb.
     0 | D:1      | Reached XP level 1. HP: 18/18 MP: 1/1
   145 | D:1      | Reached XP level 2. HP: 17/24 MP: 2/2
   736 | D:1      | Reached XP level 3. HP: 20/29 MP: 3/3
  1535 | D:2      | Reached skill level 1 in Polearms
  1546 | D:2      | Found a faded altar of an unknown god.
  1673 | D:2      | Found Bostrung's Assorted Antiques.
  1861 | D:2      | Found a runed translucent door.
  1862 | D:2      | Noticed Crazy Yiuf
  2050 | D:2      | Reached XP level 4. HP: 35/35 MP: 4/4
  2516 | D:3      | Found a sacrificial altar of Ru.
  2533 | D:3      | Reached skill level 1 in Evocations
  2617 | D:3      | Found a broken altar of Ashenzari.
  3079 | D:4      | Reached skill level 1 in Throwing
  3079 | D:4      | Reached XP level 5. HP: 32/42 MP: 5/5
  3156 | D:4      | Reached skill level 1 in Dodging
  3389 | D:4      | Reached XP level 6. HP: 28/48 MP: 6/6
  3519 | D:4      | Found a sparkling altar of Nemelex Xobeh.
  3957 | D:5      | Entered Level 5 of the Dungeon
  4040 | D:5      | Noticed a sky beast
  4043 | D:5      | Killed a sky beast
  4044 | D:5      | Reached skill level 5 in Shields
  4044 | D:5      | Reached XP level 7. HP: 54/54 MP: 7/7
  4049 | D:5      | Found a bloodstained altar of Trog.
  4353 | D:5      | Noticed a troll
  4359 | D:5      | Killed a troll
  4360 | D:5      | Reached XP level 8. HP: 49/61 MP: 8/8
  4653 | D:5      | Identified the +5 ring mail of Ignis, Lusting {Int+7}
  4731 | D:6      | Noticed Menkaure
  4749 | D:6      | Slain by Menkaure

Illustrated notes

Levels and vault maps discovered:
D:1:      evilmike_arrival_crescent, layout_loops_ring,
          hangedman_feature_mirror, minmay_misc_feat_ornament,
          hangedman_decor_riveting
D:2:      layout_rooms, serial_shops, nicolae_shop_behind_doors, serial_curves,
          eino_curves_02, eino_curves_04, hellmonk_ecumenical_altar_blasted,
          minivault_5, chequers_serial_rivers_micro_d, uniq_crazy_yiuf_cottage
D:3:      layout_loops_ring, hangedman_ru_absence,
          nicolae_overflow_hidden_temple, st_stairs_5
D:4:      layout_layer_cave, mainiacjoe_overflow_tiny_flanked
D:5:      layout_basic, marbit_many_paths
D:6:      layout_rooms, kennysheep_mini, uniq_menkaure

Skill      XL: |  1  2  3  4  5  6  7  8 |
---------------+-------------------------+-----
Polearms       | 1 2 3 |  3.0
Evocations     | 1 2 3 |  3.1
Throwing       | 1 2 |  2.7
Dodging        | 1 2 |  2.5
Axes           | 3 4 |  4.7
Armour         | 4 |  4.8
Fighting       | 4 |  4.7
Shields        | 5 |  5.8

Action                   |  1- 3 |  4- 6 |  7- 9 || total
-------------------------+-------+-------+-------++-------
Melee: War axe           |   102 |   148 |       ||   250
       Halberd           |       |     7 |    84 ||    91
Armor: Scale mail        |    41 |       |       ||    41
       Chain mail        |     1 |    95 |    41 ||   137
Dodge: Dodged            |    47 |    80 |    40 ||   167
Block: Buckler           |    17 |    49 |    26 ||    92
